Map: Korhal Carnage Knockout LE

Players

Mindele

  • Race: Terran Terran
  • League: Bronze

Hallucinate - Winner!

  • Race: Protoss Protoss
  • League: Silver

VOD

Have the link to the VOD?

Description

Time

  • Played on: May 13, 2016, 8:55 p.m.
  • Length: 6:41
Show
View Real Time Build Order
Export as new Build Order

Mindele Terran 

Build Orders:  

Get SALT Encoding   

  12  0:01  SCV  
  13  0:13  SCV  
  14  0:18  Supply Depot  
  14  0:25  SCV  
  15  0:37  Refinery  
  15  0:40  SCV  
  16  0:46  Barracks  
  16  0:52  SCV  
  17  1:05  Supply Depot  
  17  1:06  SCV  
  18  1:18  SCV  
  20  1:36  Orbital Command  
  20  1:39  Barracks  
  19  1:44  Reaper  
  20  2:03  SCV  
  20  2:07  Supply Depot  
  21  2:13  Barracks x2  
  21  2:20  SCV  
  22  2:24  Reaper  
  22  2:29  Reaper  
  24  2:32  SCV  
  26  2:44  SCV  
  26  2:52  Supply Depot  
  26  2:56  SCV  
  27  3:00  Reaper  
  27  3:03  Reaper  
  27  3:05  Reaper  
  30  3:08  SCV  
  31  3:12  Refinery  
  31  3:18  Supply Depot  
  31  3:22  Reaper  
  31  3:26  SCV  
  33  3:38  Reaper, SCV  
  35  3:43  Supply Depot  
  34  3:58  Reaper  
  34  4:01  SCV  
  36  4:05  Supply Depot  
  36  4:07  Marine  
  36  4:08  Marine  
  38  4:13  SCV  
  37  4:29  Marine x3  
  37  4:30  Marine  
  38  4:47  Marine  
  38  4:48  Marine  
  40  4:54  Marine  
  40  4:56  SCV  
  40  4:57  Marine  
  43  5:00  Supply Depot  
  43  5:07  Marine x2  
  43  5:08  SCV  
  46  5:18  Marine  
  46  5:19  Barracks  
  46  5:20  SCV  
  46  5:21  Barracks x2  
  48  5:22  Supply Depot  
  48  5:25  Marine  
  48  5:26  Marine  
  50  5:36  Marine  
  50  5:37  Marine  
  49  5:50  Marine  
  49  5:51  Marine  
Show
View Real Time Build Order
Export as new Build Order

Hallucinate Protoss - Winner!

Build Orders: Blink Stalkers 

Get SALT Encoding   

  12  0:01  Probe (Chrono Boost)  
  13  0:11  Probe (Chrono Boost)  
  14  0:20  Pylon  
  14  0:23  Probe (Chrono Boost)  
  15  0:38  Probe (Chrono Boost)  
  15  0:40  Gateway  
  16  0:45  Assimilator  
  16  0:49  Probe (Chrono Boost)  
  17  0:54  Assimilator  
  17  1:02  Probe (Chrono Boost)  
  18  1:14  Probe (Chrono Boost)  
  19  1:24  Probe (Chrono Boost)  
  20  1:28  Cybernetics Core  
  20  1:35  Probe (Chrono Boost)  
  21  1:45  Probe (Chrono Boost)  
  22  1:54  Pylon  
  22  2:11  Warp Gate  
  22  2:12  Stalker, Mothership Core (Chrono Boost)  
  26  2:21  Twilight Council  
  26  2:27  Pylon  
  26  2:31  Probe (Chrono Boost)  
  29  2:44  Stalker  
  29  3:07  Gateway x2  
  29  3:09  Gateway  
  29  3:13  Stargate  
  29  3:16  Stalker  
  31  3:25  Blink (Chrono Boost)  
  31  4:08  Void Ray  
  35  4:17  Pylon  
  35  4:19  Pylon  
  35  4:21  Pylon  
  33  4:24  Pylon  
  33  4:29  Pylon  
  31  4:37  Stalker x2  
  33  4:40  Stalker  
  35  4:49  Stalker  
  37  5:13  Pylon  
  37  5:16  Stalker x2  
  41  5:32  Stalker x2  
  45  6:05  Stalker x3  
  45  6:06  Stalker  
  47  6:38  Pylon  
Tags
 
Add a new tag
Caveats
  • Supply blocks, unpowered buildings, or Contaminate may cause inaccurate times.
  • Supply counts are checked every 10 seconds.